 Seeded DCSS version 0.32-a0-128-g77eb882913 (webtiles) character file.

Game seed: 1001 (custom seed)

1876 Rennog the Destroyer (level 9, -7/53 (54) HPs)
             Began as an Octopode Conjurer on Feb 8, 2024.
             Was an Elder of Elyvilon.
             Mangled by a hell rat (10 damage)
             ... on level 8 of the Dungeon.
             The game lasted 00:16:11 (8560 turns).

Rennog the Destroyer (Octopode Conjurer)            Turns: 8560, Time: 00:16:11

HP:   -7/53 (54)    AC:  1    Str:  8    XL:     9   Next: 14%
MP:   1/18          EV: 18    Int: 23    God:    Elyvilon [****..]
Gold: 425           SH:  5    Dex: 10    Spells: 11/20 levels left

rFire   . . .        e - +0 flail (holy)
rCold   . . .        (no shield)
rNeg    . . .        (helmet restricted)
rPois   .            k - amulet of reflection
rElec   .            w - +5 ring of evasion
rCorr   .            (no ring)
SInv    .            (no ring)
Will    .....        (no ring)
Stlth   +++          (no ring)
HPRegen 0.28/turn    (no ring)
MPRegen 0.16/turn    (no ring)
                     (no ring)

%: reflection
@: lightly drained
A: almost no armour, amphibious, 8 rings, camouflage 1, gelatinous body 1,
(nimble swimmer 1), tentacles
a: Renounce Religion, Purification, Heal Other, Heal Self


You were on level 8 of the Dungeon.
You worshipped Elyvilon.
Elyvilon was greatly pleased with you.
You visited 1 branch of the dungeon, and saw 8 of its levels.

You collected 425 gold pieces.

Inventory:

Hand Weapons
 c - a +0 dagger
 e - a +0 flail of holy wrath (weapon)
Missiles
 o - 3 throwing nets
Jewellery
 k - an amulet of reflection (around mantle)
 l - a ring of fire
 w - a +5 ring of evasion (left tentacle)
Wands
 u - a wand of digging (4)
 x - a wand of paralysis (14)
 C - a wand of light (6)
 F - a wand of iceblast (12)
 G - a wand of polymorph (2)
Scrolls
 d - a scroll of immolation
 g - 3 scrolls of revelation
 h - 3 scrolls of noise {unknown}
 j - 5 scrolls of vulnerability
 n - 2 scrolls of brand weapon
 p - a scroll of fog {unknown}
 q - 3 scrolls of enchant armour
 r - 2 scrolls of teleportation
 y - a scroll of poison {unknown}
 B - 4 scrolls of silence {unknown}
Potions
 a - a potion of magic
 b - 2 potions of mutation {unknown}
 f - 2 potions of curing {unknown}
 i - a potion of cancellation {unknown}
 m - a potion of attraction {unknown}
 s - 2 potions of brilliance {unknown}
 t - 3 potions of heal wounds {unknown}
 v - a potion of enlightenment {unknown}
 z - a potion of invisibility {unknown}
 A - a potion of might {unknown}
 D - a potion of ambrosia {unknown}
 E - a potion of resistance {unknown}


   Skills:
 + Level 2.1 Fighting
 + Level 3.1 Dodging
 - Level 2.6 Stealth
 + Level 6.1 Spellcasting
 * Level 9.9 Conjurations


You had 11 spell levels left.
You knew the following spells:

 Your Spells              Type           Power      Damage    Failure   Level
a - Magic Dart            Conj           100%       1d8       1%          1
b - Searing Ray           Conj           100%       2d8       1%          2
c - Mephitic Cloud        Conj/Alch/Air  22%        N/A       6%          3
d - Stone Arrow           Conj/Erth      58%        3d10      3%          3

Your spell library contained the following spells:

 Spells                   Type           Power      Damage    Failure   Level
 Fulminant Prism          Conj/Alch      14%        3d8       11%         4
 Iskenderun's Mystic Bla  Conj/Tloc      29%        2d7       11%         4
 Cigotuvi's Dreadful Rot  Necr/Alch/Air  14%        N/A       13%         2
 Ensorcelled Hibernation  Hex/Ice        14%        N/A       13%         2
 Mercury Vapours          Alch/Air       14%        N/A       13%         2
 Call Canine Familiar     Summ           7%         N/A       26%         3
 Fugue of the Fallen      Necr           7%         N/A       26%         3
 Sigil of Binding         Hex            7%         N/A       26%         3
 Summon Ice Beast         Ice/Summ       7%         N/A       26%         3
 Freezing Cloud           Conj/Ice/Air   11%        6-21      52%         5
 Anguish                  Hex/Necr       3%         N/A       63%         4
 Dimensional Bullseye     Hex/Tloc       3%         N/A       63%         4
 Ignite Poison            Fire/Alch      7%         N/A       63%         4
 Summon Mana Viper        Hex/Summ       7%         N/A       93%         5
 Monstrous Menagerie      Summ           3%         N/A       100%        7
 Lehudib's Crystal Spear  Conj/Erth      14%        10d5      100%        8
 Animate Armour           Summ/Erth      Unusable   N/A       N/A         4

Dungeon Overview and Level Annotations

Branches:
Dungeon (8/15)             Temple (0/1) D:4
   Lair: D:8-11

Altars:
Elyvilon
Hepliaklqana
Kikubaaqudgha
Okawaru
Qazlal
Sif Muna
Trog
Wu Jian

Shops:
D:3 *   D:4 [   D:5 [

Annotations:
D:2 1 runed translucent door, Crazy Yiuf
D:4 Edmund


Innate Abilities, Weirdness & Mutations

You cannot wear most types of armour.
You are amphibious.
You can wear up to eight rings at the same time.
Your skin changes colour to match your surroundings (Stealth+).
Your rubbery body absorbs attacks. (AC +1, EV +1)
((You are camouflaged when in or above water. (Stealth+)))
You have tentacles for arms and can constrict up to eight enemies at once.


Message History

The hell rat misses you. The hell rat bites you.
* * * LOW HITPOINT WARNING * * *
You feel drained.
* * * LOW HITPOINT WARNING * * *
The hell rat attacks as it pursues you! The hell rat completely misses you.
Casting: Searing Ray (safe; 1% risk of failure)
Confirm with . or Enter, or press ? or * to list all spells.
Aiming: Stone Arrow (dangerous; 3% risk of failure)
Press: ? - help, Shift-Dir - straight line, f - hell rat
Aim: a hell rat (71% to hit)
The stone arrow hits the hell rat!
The hell rat is heavily wounded.
The hell rat barely misses you.
Casting: Stone Arrow (dangerous; 3% risk of failure)
Confirm with . or Enter, or press ? or * to list all spells.
Aiming: Magic Dart (safe; 1% risk of failure)
Press: ? - help, Shift-Dir - straight line, f/p - hell rat
Aim: a hell rat (heavily wounded, 100% to hit)
The magic dart hits the hell rat.
The hell rat is severely wounded.
The hell rat bites you!! Elyvilon protects you from harm!
The hell rat misses you.
Okay, then.
You barely miss the hell rat. You grab the hell rat.
Your squeeze misses the hell rat.
The hell rat is severely wounded.
You constrict the hell rat, but do no damage.
The hell rat completely misses you.
You hit the hell rat.
The hell rat convulses.
The hell rat is almost dead.
You constrict the hell rat, but do no damage.
You block the hell rat's attack. The hell rat misses you.
You hit the hell rat but do no damage.
You tentacle-slap the hell rat, but do no damage.
The hell rat is almost dead.
You constrict the hell rat, but do no damage.
The hell rat closely misses you. The hell rat bites you!
You die...

.≈. ≈..... ≈.....
###########≈.≈.≈.
.............≈.≈.
...#........≈...≈
#.<...<.>.≈...≈
.####.....>.......
....##...>@..≈.≈.≈
....[##...r.≈≈≈.≈≈
#.....#....≈≈...≈
##.....#....##.##
#.....##......#
....#....#.######
....##.....## .#.
#...##.#
##..##.###


You could see a hell rat.

Vanquished Creatures
  A steam dragon (D:8)
  A water moccasin (D:6)
  2 ice beasts
  An orc warrior (D:8)
  A black bear (D:6)
  A phantom (D:5)
  Blork the orc (D:4)
  A bullfrog (D:7)
  2 scorpions
  A howler monkey (D:7)
  4 bombardier beetles
  A jelly (D:7)
  3 hounds
  An orc priest (D:8)
  A sleepcap (D:5)
  Natasha (thrice) (D:2)
  3 iguanas
  5 orc wizards
  10 gnolls
  6 adders
  2 ufetubi (D:7)
  5 ribbon worms
  2 dart slugs (D:2)
  23 orcs
  12 bats
  7 endoplasms
  4 giant cockroaches
  11 goblins
  6 hobgoblins
  9 jackals
  8 quokkas
  5 ball pythons
  A frilled lizard (D:1)
  11 kobolds
  7 rats
  A spectral orc (D:4)
163 creatures vanquished.

Vanquished Creatures (others)
  An orc wizard (D:8)
1 creature vanquished.

Grand Total: 164 creatures vanquished

Notes
Turn   | Place    | Note
-------+----------+-------------------------------------------
     0 | D:1      | Rennog the Octopode Conjurer began the quest for the Orb.
     0 | D:1      | Reached XP level 1. HP: 11/11 MP: 3/3
   163 | D:1      | Reached XP level 2. HP: 15/17 MP: 0/5
   470 | D:1      | Learned a level 2 spell: Searing Ray
   708 | D:1      | Reached XP level 3. HP: 21/21 MP: 4/6
  1189 | D:2      | Reached skill level 5 in Conjurations
  1189 | D:2      | Reached XP level 4. HP: 27/27 MP: 0/8
  1733 | D:2      | Noticed Natasha
  1736 | D:2      | Killed Natasha
  1781 | D:2      | Found a runed translucent door.
  1782 | D:2      | Noticed Crazy Yiuf
  1914 | D:2      | Noticed Natasha
  1918 | D:2      | Killed Natasha
  1919 | D:2      | Reached XP level 5. HP: 31/31 MP: 4/9
  2118 | D:2      | Noticed Natasha
  2125 | D:2      | Killed Natasha
  2347 | D:2      | Learned a level 3 spell: Mephitic Cloud
  2348 | D:3      | Found a faded altar of an unknown god.
  2399 | D:2      | Reached skill level 6 in Conjurations
  2477 | D:3      | Prayed at the altar of an unknown god.
  2477 | D:3      | Became a worshipper of Elyvilon the Healer
  2477 | D:3      | Reached * piety under Elyvilon
  2556 | D:3      | Reached XP level 6. HP: 28/36 MP: 0/11
  2801 | D:3      | Found Pomoneux's General Store.
  3555 | D:3      | Found an ornate altar of the Wu Jian Council.
  3891 | D:4      | Found an iron altar of Okawaru.
  3987 | D:4      | Found Hilup's Antique Armour Emporium.
  4005 | D:4      | Noticed Blork the orc
  4023 | D:4      | Killed Blork the orc
  4075 | D:4      | Reached skill level 7 in Conjurations
  4075 | D:4      | Reached XP level 7. HP: 35/41 MP: 1/13
  4174 | D:4      | Learned a level 3 spell: Stone Arrow
  4197 | D:4      | Reached ** piety under Elyvilon
  4202 | D:4      | Found a bloodstained altar of Trog.
  4480 | D:4      | Noticed Edmund
  4648 | D:4      | Found a staircase to the Ecumenical Temple.
  5162 | D:4      | Found a hazy altar of Hepliaklqana.
  5244 | D:5      | Entered Level 5 of the Dungeon
  5534 | D:5      | Reached skill level 8 in Conjurations
  5610 | D:5      | Found Bor Ceta's Armour Emporium.
  5713 | D:5      | Found an ancient bone altar of Kikubaaqudgha.
  5759 | D:5      | Reached skill level 5 in Spellcasting
  5759 | D:5      | Reached XP level 8. HP: 46/46 MP: 0/15
  6646 | D:6      | Reached skill level 9 in Conjurations
  6663 | D:6      | Reached *** piety under Elyvilon
  7629 | D:7      | Reached skill level 1 in Fighting
  7944 | D:7      | Found a shimmering blue altar of Sif Muna.
  8230 | D:7      | Reached **** piety under Elyvilon
  8334 | D:8      | Found a stormy altar of Qazlal.
  8351 | D:8      | Noticed a two-headed ogre
  8474 | D:8      | Reached XP level 9. HP: 54/54 MP: 2/18
  8539 | D:8      | HP: 1/54 [orc priest/+0 dagger (4)]
  8553 | D:8      | HP: 2/54 [hell rat (3)]
  8557 | D:8      | Elyvilon protects you from harm!
  8560 | D:8      | Mangled by a hell rat

Illustrated notes

Levels and vault maps discovered:
D:1:      shiori_arrival_oz, layout_rooms, serial_glass, glass_columns_a,
          glass_columns_b, due_unseen_surprise, feat_on_display,
          item_on_display_a
D:2:      layout_basic, uniq_natasha, uniq_crazy_yiuf_cottage
D:3:      minmay_bubble_buster, layout_basic,
          nicolae_wu_jian_immortal_techniques, nicolae_ecumenical_pavilion,
          serial_shops, shop
D:4:      layout_basic, nicolae_hepliaklqana_monster_ancestors,
          kennysheep_okawaru_gauntlet, lemuel_tele_altar,
          minmay_temple_entry_junction, serial_shops, shop, uniq_edmund,
          uniq_blork_the_orc
D:5:      layout_loops_ring, mainiacjoe_overflow_concentric_impassable,
          serial_shops, shop, chequers_serial_rivers_room_a, minivault_14,
          hangedman_decor_opposing
D:6:      layout_cave_pods
D:7:      layout_loops_ring, mainiacjoe_overflow_surrounded_room
D:8:      hellmonk_ruined_rings, layout_rooms, mainiacjoe_overflow_brackets,
          nicolae_uskayaw_suspiria, dpeg_lair_monsters, serial_bayou,
          serial_bayou_pond_c, serial_bayou_pond_d, serial_bayou_crossing,
          serial_bayou_lagoon_b, nrook_pool_corridor, kennysheep_diamond,
          uniq_psyche

Skill      XL: |  1  2  3  4  5  6  7  8  9 |
---------------+----------------------------+-----
Conjurations   | 5 6 7 8 9 |  9.9
Spellcasting   | 3 4 5 6 |  6.1
Fighting       | 1 2 |  2.1
Dodging        | 3 |  3.1
Stealth        | |  2.6

Action                     |  1- 3 |  4- 6 |  7- 9 || total
---------------------------+-------+-------+-------++-------
  Melee: Unarmed           |     4 |       |    22 ||    26
         Constrict         |     1 |     6 |     3 ||    10
         Dagger            |     1 |    26 |     1 ||    28
         Punch             |       |     2 |     1 ||     3
         Tentacles         |       |     3 |     5 ||     8
         Flail             |       |       |    18 ||    18
   Cast: Magic Dart        |    53 |   112 |   102 ||   267
         Searing Ray       |     4 |    17 |    21 ||    42
         Mephitic Cloud    |       |     1 |       ||     1
         Stone Arrow       |       |       |    37 ||    37
    Use: Scroll            |       |     1 |     5 ||     6
         Potion            |       |     1 |       ||     1
   Stab: Sleeping          |       |     1 |       ||     1
 Armour: Skin              |     7 |    24 |    40 ||    71
  Dodge: Dodged            |     4 |    34 |    54 ||    92
  Block: Other             |       |     4 |    11 ||    15
         Reflection        |       |     1 |       ||     1

Table legend: (Time is in decaauts)
 A = Elapsed time spent in this place.
 B = Non-inter-level travel time spent in this place.
 C = Inter-level travel time spent in this place.
 D = Time resting spent in this place.
 E = Time spent auto-exploring this place.
 F = Levels seen in this place.
 G = Mean time per level.
                   A        B        C        D        E       F      G
               +--------+--------+--------+--------+--------+-----+--------+
         Total |   8575 |   8229 |    346 |    282 |   6885 |   8 | 1071.9 |
       Dungeon |   8575 |   8229 |    346 |    282 |   6885 |   8 | 1071.9 |
               +--------+--------+--------+--------+--------+-----+--------+

Top non-repeatable levels by time:
     D:2: 1623 daAuts
     D:3: 1496 daAuts
     D:6: 1191 daAuts
     D:4: 1184 daAuts
     D:7: 1072 daAuts
     D:1: 951 daAuts
     D:5: 886 daAuts
     D:8: 168 daAuts
